 Dungeon Crawl Stone Soup version 0.31-a0-705-ga145531891 (webtiles) character file.

Game seed: 18087654887474804785

5012 Xavori the Carver (level 10, -9/74 HPs)
             Began as an Octopode Chaos Knight on Sept 10, 2023.
             Was a Plaything of Xom.
             Mangled by a white ugly thing (33 damage)
             ... on level 7 of the Dungeon.
             The game lasted 00:06:33 (12789 turns).

Xavori the Carver (Octopode Chaos Knight)          Turns: 12789, Time: 00:06:34

Health: -9/74      AC: 11    Str: 10    XL:     10   Next: 54%
Magic:  10/10      EV: 19    Int: 18    God:    Xom [.....*]
Gold:   430        SH: 10    Dex: 25    Spells: 9/9 levels left

rFire   . . .        p - +7 falchion of Jaolis {protect, Dex+3}
rCold   . . .        D - +0 kite shield
rNeg    . . .        (helmet restricted)
rPois   .            (no amulet)
rElec   .            g - +5 ring of evasion
rCorr   +            h - +6 ring of dexterity
SInv    .            j - ring of resist corrosion
Will    +++..        i - ring of willpower
Stlth   ++++++       (no ring)
HPRegen 0.32/turn    (no ring)
MPRegen 0.12/turn    (no ring)
                     (no ring)

%: no passive effects
@: under a protective aura, enlightened, flying
A: almost no armour, amphibious, 8 rings, camouflage 1, gelatinous body 1,
(nimble swimmer 1), tentacles, iridescent scales 1, clever 1, strong-willed 1,
mutation resistance 1, sense surroundings 1, robust 1, screaming 1, shaggy fur
1, wild magic 1, inability to drink after injury 1, MP-powered wands
a: Renounce Religion


You were on level 7 of the Dungeon.
You worshipped Xom.
You were Xom's teddy bear.
You visited 1 branch of the dungeon, and saw 7 of its levels.

You collected 430 gold pieces.

Inventory:

Hand Weapons
 a - a +0 short sword of chaos
 p - the +7 falchion of Jaolis (weapon) {protect, Dex+3}
   (You found it on level 4 of the Dungeon)

   Dex+3:     It affects your dexterity (+3).
Missiles
 B - a throwing net
Armour
 D - a +0 kite shield (worn)
Jewellery
 g - a +5 ring of evasion (left tentacle)
 h - a +6 ring of dexterity (right tentacle)
 i - a ring of willpower (on tentacle)
 j - a ring of resist corrosion (on tentacle)
 C - an amulet of magic regeneration
Talismans
 A - a blade talisman
Wands
 k - a wand of paralysis (6)
 y - a wand of flame (35)
Scrolls
 b - 2 scrolls of butterflies
 d - 12 scrolls of identify {unknown}
 e - 3 scrolls of poison {unknown}
 f - 3 scrolls of enchant armour {unknown}
 n - 3 scrolls of fog {unknown}
 o - 3 scrolls of blinking {unknown}
 r - 2 scrolls of noise {unknown}
 s - 4 scrolls of immolation {unknown}
 t - 3 scrolls of teleportation {unknown}
 v - a scroll of acquirement {unknown}
 z - a scroll of vulnerability {unknown}
 G - a scroll of enchant weapon {unknown}
Potions
 c - 2 potions of invisibility {unknown}
 l - a potion of curing {unknown}
 m - 2 potions of haste {unknown}
 q - 2 potions of might {unknown}
 u - 2 potions of lignification {unknown}
 w - a potion of heal wounds {unknown}
 x - a potion of ambrosia {unknown}
 E - a potion of berserk rage {unknown}
 F - a potion of enlightenment


   Skills:
 + Level 5.8 Fighting
 + Level 4.4(8.1) Short Blades
 * Level 10.6(11.0) Long Blades
 + Level 4.9 Dodging
 + Level 9.7 Stealth
 * Level 3.0 Evocations
 * Level 2.4 Shapeshifting


You had 9 spell levels left.
You didn't know any spells.
Your spell library contained the following spells:

 Spells                   Type           Power      Damage    Failure   Level
 Sandblast                Erth           0%         2d4       83%         1
 Blink                    Tloc           0%         N/A       92%         2
 Cigotuvi's Dreadful Rot  Necr/Pois/Air  0%         N/A       92%         2
 Lesser Beckoning         Tloc           0%         N/A       92%         2
 Momentum Strike          Conj/Tloc      0%         3d8       92%         2
 Passwall                 Tmut/Erth      0%         N/A       92%         2
 Scorch                   Fire           0%         2d5       92%         2
 Ignite Poison            Fire/Tmut/Pois 0%         N/A       99%         3
 Stone Arrow              Conj/Erth      0%         3d7       99%         3
 Leda's Liquefaction      Hex/Erth       0%         N/A       100%        4
 Freezing Cloud           Conj/Ice/Air   0%         6-21      100%        5
 Fire Storm               Conj/Fire      0%         5d1       100%        9


Dungeon Overview and Level Annotations

Branches:
Dungeon (7/15)             Temple (0/1) D:4

Altars:
Ashenzari
Cheibriados
Gozag
Makhleb
Nemelex Xobeh
Okawaru
Qazlal
Ru
Wu Jian
Xom

Shops:
D:4 [


Innate Abilities, Weirdness & Mutations

You cannot wear most types of armour.
You are amphibious.
You can wear up to eight rings at the same time.
Your skin changes colour to match your surroundings (Stealth+).
Your rubbery body absorbs attacks. (AC +1, EV +1)
((You are camouflaged when in or above water. (Stealth+)))
You have tentacles for arms and can constrict up to eight enemies at once.
You are partially covered in iridescent scales. (AC +2)
Your mind is acute. (Int +4, Str/Dex -1)
You are strong-willed. (Will+)
You are somewhat resistant to further mutation.
You passively map a small area around you.
You are robust. (+10% HP)
You occasionally shout uncontrollably at your foes.
You are covered in fur. (AC +1)
Your spells are a little harder to cast, but a little more powerful.
You occasionally lose the ability to drink potions when taking damage.
You expend magic power (3 MP) to strengthen your wands.


Message History

Unknown command.
You hit the white ugly thing. You grab the white ugly thing.
You squeeze the white ugly thing!
The white ugly thing is lightly wounded.
You constrict the white ugly thing. The white ugly thing bites you.
The white ugly thing freezes you!
Unknown command.
You are too injured to fight recklessly!
You are too injured to fight recklessly!
Unknown command.
Okay, then.
It was a potion of enlightenment.
You feel very buoyant.
You fly up into the air.
Xom thinks this is hilarious!
You constrict the white ugly thing, but do no damage.
You block the white ugly thing's attack.
You slash the white ugly thing! You squeeze the white ugly thing.
The white ugly thing is moderately wounded.
You constrict the white ugly thing.
The white ugly thing bites you but does no damage.
You slash the white ugly thing! You squeeze the white ugly thing.
The white ugly thing is heavily wounded.
You constrict the white ugly thing.
The orc priest begins to cast a cantrip, but forgets the words!
The white ugly thing bites you but does no damage.
You release your grip on the white ugly thing.
The orc attacks as it pursues you! You block the orc's attack.
You closely miss the white ugly thing. You grab the white ugly thing.
You squeeze the white ugly thing!
The white ugly thing is severely wounded.
You constrict the white ugly thing. The orc hits you with a +0 dagger.
You block the white ugly thing's attack.
You hit the white ugly thing.
Your squeeze misses the white ugly thing.
The white ugly thing is almost dead.
You constrict the white ugly thing. The orc hits you but does no damage.
The white ugly thing bites you! The white ugly thing freezes you!!
You die...
Xom giggles madly!

/.§≈≈≈≈≈≈..... #...##>.
.≈§≈≈≈≈...... , ##....
.≈≈_....8... ..#.....
.≈≈≈≈≈≈.... , #.....##.
..≈≈≈≈≈≈≈., , #..... ## *
........., ,,#....# #.
.......o##########....##.
#.....u##......##.#.....
#....oo@........#.##....
#...............# ##....
#.............>.# #.....
#......##...##+# #...##.
#......##...## #... ##
#............#,,....# #.
#............# .....##.
#............#(...#.....
#............#.... #....


You could see a white ugly thing, an orc priest, an orc wizard and an orc.

Vanquished Creatures
  A cyclops (D:7)
  Maggie (D:6)
  Grinder (D:4)
  Sigmund (D:4)
  A steam dragon (D:6)
  Menkaure (D:6)
  Edmund (D:4)
  A water moccasin (D:6)
  3 sky beasts (D:6)
  4 ice beasts
  4 black bears
  3 ogres
  A centaur (D:7)
  3 phantoms
  2 bullfrogs (D:7)
  2 gnoll sergeants (D:7)
  2 scorpions (D:6)
  A wight (D:7)
  2 howler monkeys
  5 hounds
  2 jellies
  2 orc priests
  A gnoll bouda (D:7)
  6 iguanas
  3 orc wizards
  8 gnolls
  5 adders
  2 shadow imps (D:6)
  3 white imps
  2 ufetubi
  2 worms
  6 dart slugs
  22 orcs
  3 bats
  6 endoplasms
  2 giant cockroaches
  3 hobgoblins
  2 jackals (D:4)
  5 quokkas
  7 ball pythons
  12 frilled lizards
  6 goblins
  4 kobolds
  5 rats
159 creatures vanquished.

Vanquished Creatures (collateral kills)
  A two-headed ogre (D:7)
  A steam dragon (D:7)
  A bullfrog (D:7)
  An orc priest (D:7)
4 creatures vanquished.

Vanquished Creatures (others)
  A gnoll (D:7)
1 creature vanquished.

Grand Total: 164 creatures vanquished

Notes
Turn   | Place    | Note
-------+----------+-------------------------------------------
     0 | D:1      | Xavori the Octopode Chaos Knight began the quest for the
                  | Orb.
     0 | D:1      | Reached XP level 1. HP: 16/16 MP: 1/1
    22 | D:1      | Got the Book of Petrified Ignition
    96 | D:1      | Reached XP level 2. HP: 15/21 MP: 2/2
   402 | D:1      | XOM: give mutations
   402 | D:1      | Gained mutation: You are covered in fur. (AC +1) [Xom's
                  | mischief]
   402 | D:1      | Gained mutation: You have hidden genetic potential. [Xom's
                  | mischief]
   402 | D:1      | Gained mutation: You occasionally shout uncontrollably at
                  | your foes. [Xom's mischief]
   473 | D:1      | Reached XP level 3. HP: 24/26 MP: 3/3
   540 | D:1      | XOM: noise
  3088 | D:1      | XOM: give mutations
  3088 | D:1      | Gained mutation: You are agile. (Dex +4, Str/Int -1) [Xom's
                  | mischief]
  3088 | D:1      | Gained mutation: You are dopey. (Int -2) [Xom's mischief]
  3088 | D:1      | Gained mutation: You are vulnerable to cold. (rC-) [Xom's
                  | mischief]
  3088 | D:1      | Lost mutation: You are agile. (Dex +4, Str/Int -1) [Xom's
                  | mischief]
  3137 | D:1      | XOM: give mutation
  3137 | D:1      | Gained mutation: Your spells are a little easier to cast,
                  | but a little less powerful. [Xom's mischief]
  3579 | D:1      | XOM is BORED!
  3579 | D:1      | XOM: give mutations
  3579 | D:1      | Gained mutation: You are strong-willed. (Will+) [Xom's
                  | mischief]
  3579 | D:1      | Lost mutation: Your spells are a little easier to cast, but
                  | a little less powerful. [Xom's mischief]
  3579 | D:1      | Gained mutation: You passively dampen the noise of your
                  | surroundings. [Xom's mischief]
  3579 | D:1      | Gained mutation: You occasionally lose the ability to drink
                  | potions when taking damage. [Xom's mischief]
  4062 | D:1      | XOM: scenery: create altars
  4753 | D:1      | XOM: silly message
  4816 | D:1      | XOM: torment (14/26 hp)
  4847 | D:1      | XOM: give mutations
  4847 | D:1      | Gained mutation: You are robust. (+10% HP) [Xom's mischief]
  4847 | D:1      | Lost mutation: You are vulnerable to cold. (rC-) [Xom's
                  | mischief]
  4847 | D:1      | Lost mutation: You passively dampen the noise of your
                  | surroundings. [Xom's mischief]
  5153 | D:1      | XOM: silly message
  5712 | D:1      | XOM is BORED!
  5712 | D:1      | XOM: noise
  5728 | D:1      | XOM: scenery: summon butterflies
  6073 | D:1      | XOM: noise
  6614 | D:1      | XOM is BORED!
  6704 | D:1      | XOM: silly message
  8329 | D:1      | XOM: silly message
  8486 | D:1      | XOM: cloud trail
  8639 | D:2      | XOM is BORED!
  8639 | D:2      | XOM: 5-stop teleportation journey
  8660 | D:2      | Reached skill level 1 in Stealth
  8666 | D:2      | Lost mutation: You are dopey. (Int -2) [hidden potential]
  8684 | D:2      | XOM: potion effect (invisibility)
  8764 | D:2      | Reached XP level 4. HP: 34/34 MP: 4/4
  8956 | D:2      | XOM: scenery: create altars
  8961 | D:2      | You fall into a shaft and drop 2 floors!
  8961 | D:4      | Found a broken altar of Ashenzari.
  8966 | D:4      | Identified the +7 falchion of Jaolis {protect, Dex+3}
  9018 | D:4      | Noticed Edmund
  9021 | D:4      | XOM: confuse monster(s)
  9026 | D:4      | Killed Edmund
  9027 | D:4      | Reached XP level 5. HP: 37/40 MP: 5/5
  9045 | D:4      | Gained mutation: You are partially covered in iridescent
                  | scales. (AC +2) [hidden potential]
  9045 | D:4      | Lost mutation: You have hidden genetic potential. [hidden
                  | potential expressed]
  9122 | D:4      | Found a staircase to the Ecumenical Temple.
  9249 | D:4      | Noticed an ogre
  9255 | D:4      | Killed an ogre
  9256 | D:4      | Reached skill level 1 in Long Blades
  9256 | D:4      | Reached skill level 5 in Stealth
  9256 | D:4      | Reached XP level 6. HP: 47/47 MP: 6/6
  9286 | D:3      | Found a large runed translucent door.
  9293 | D:3      | Found a large runed translucent door.
  9422 | D:2      | XOM: noise
 10023 | D:3      | Found a snail-covered altar of Cheibriados.
 10023 | D:3      | Noticed a black bear
 10024 | D:3      | XOM: cast spell 'Cause Fear'
 10027 | D:3      | Killed a black bear
 10028 | D:3      | Reached skill level 2 in Long Blades
 10031 | D:3      | Found an iron altar of Okawaru.
 10210 | D:4      | Noticed a black bear
 10217 | D:4      | Killed a black bear
 10218 | D:4      | Reached XP level 7. HP: 52/52 MP: 7/7
 10372 | D:4      | Reached skill level 3 in Long Blades
 10378 | D:4      | Found Ynifron's Antique Armour Shoppe.
 10390 | D:4      | Found a burning altar of Makhleb.
 10455 | D:4      | Noticed Grinder
 10456 | D:4      | XOM: potion effect (attraction)
 10461 | D:4      | Killed Grinder
 10462 | D:4      | Reached skill level 4 in Long Blades
 10597 | D:4      | Noticed Sigmund
 10601 | D:4      | Killed Sigmund
 10602 | D:4      | Reached XP level 8. HP: 46/59 MP: 8/8
 10639 | D:4      | XOM: noise
 10665 | D:5      | Entered Level 5 of the Dungeon
 10668 | D:5      | Reached skill level 5 in Long Blades
 10821 | D:5      | Reached skill level 6 in Long Blades
 10835 | D:5      | Found an opulent altar of Gozag.
 10948 | D:5      | XOM: silly message
 11095 | D:5      | Found a stormy altar of Qazlal.
 11098 | D:5      | XOM: divination: detect creatures
 11109 | D:5      | Found a sacrificial altar of Ru.
 11300 | D:5      | XOM: silly message
 11314 | D:5      | XOM: potion effect (invisibility)
 11323 | D:5      | Reached skill level 7 in Long Blades
 11323 | D:5      | Reached XP level 9. HP: 52/66 MP: 9/9
 11456 | D:5      | XOM: silly message
 11548 | D:5      | XOM: silly message
 11759 | D:6      | XOM: potion effect (berserk rage)
 11763 | D:6      | Reached skill level 5 in Fighting
 11858 | D:6      | XOM: silly message
 11910 | D:6      | Reached skill level 8 in Long Blades
 11927 | D:6      | Found a shimmering altar of Xom.
 11927 | D:6      | XOM: silly message
 12061 | D:6      | Identified the +0 leather armour of Purher {Str+3}
 12097 | D:6      | Noticed Menkaure
 12099 | D:6      | XOM: swap monsters
 12100 | D:6      | Noticed Maggie
 12120 | D:6      | XOM: confuse monster(s)
 12123 | D:6      | XOM: scenery: create altars
 12126 | D:6      | Killed Menkaure
 12127 | D:6      | Reached skill level 9 in Long Blades
 12131 | D:6      | Killed Maggie
 12132 | D:6      | Reached skill level 1 in Evocations
 12132 | D:6      | Reached skill level 1 in Shapeshifting
 12398 | D:6      | XOM: give mutations
 12398 | D:6      | Gained mutation: Your mind is acute. (Int +4, Str/Dex -1)
                  | [Xom's grace]
 12398 | D:6      | Gained mutation: Your spells are a little harder to cast,
                  | but a little more powerful. [Xom's grace]
 12461 | D:7      | XOM: god gift: robe {god gift}
 12479 | D:7      | Found an ornate altar of the Wu Jian Council.
 12497 | D:7      | Reached XP level 10. HP: 72/72 MP: 10/10
 12533 | D:7      | Noticed a two-headed ogre
 12537 | D:7      | XOM: cast spell 'Summon Horrible Things'
 12541 | D:7      | Noticed a cyclops
 12543 | D:7      | Killed a two-headed ogre
 12544 | D:7      | Reached skill level 10 in Long Blades
 12548 | D:7      | XOM: give mutations
 12548 | D:7      | Gained mutation: You are somewhat resistant to further
                  | mutation. [Xom's grace]
 12548 | D:7      | Gained mutation: You expend magic power (3 MP) to
                  | strengthen your wands. [Xom's grace]
 12548 | D:7      | Gained mutation: You passively map a small area around you.
                  | [Xom's grace]
 12574 | D:7      | Killed a cyclops
 12776 | D:7      | XOM: 1-stop teleportation journey
 12778 | D:7      | Found a sparkling altar of Nemelex Xobeh.
 12781 | D:7      | Noticed a white ugly thing
 12789 | D:7      | Mangled by a white ugly thing

Illustrated notes

Levels and vault maps discovered:
D:1:      beargit_arrival_greenhouse, layout_basic
D:2:      layout_loops_cross, minmay_lizard_pond
D:3:      layout_basic, jmf_multi_god_temple2
D:4:      layout_loops_corners, bloody_makhleb, nicolae_ashenzari_panopticon,
          minmay_temple_entry_hall, serial_shops,
          nicolae_shop_tiny_statue_garden, uniq_sigmund, uniq_edmund,
          uniq_grinder
D:5:      black_bear_nest_2, layout_loops_corners, jmf_multi_god_temple,
          mainiacjoe_overflow_cross_hatched
D:6:      layout_rooms, xom_confusion_cloud,
          hangedman_abyss_or_decor_lesser_grid, uniq_menkaure, uniq_maggie
D:7:      wad_guarded_room, layout_gridville, mainiacjoe_overflow_catwalk,
          nzn_wu_jian_contemplation, minmay_three_doors

Skill      XL: |  1  2  3  4  5  6  7  8  9 10 |
---------------+-------------------------------+-----
Stealth        | 1 4 5 6 8 9 |  9.7
Short Blades   | 4 |  4.4
Long Blades    | 1 2 4 7 9 10 | 10.6
Dodging        | 3 4 |  4.9
Fighting       | 4 5 |  5.8
Evocations     | 1 3 |  3.0
Shapeshifting  | 1 2 |  2.4

Action                     |  1- 3 |  4- 6 |  7- 9 | 10-12 || total
---------------------------+-------+-------+-------+-------++-------
  Melee: Short sword       |    65 |    10 |       |       ||    75
         Constrict         |    16 |    15 |    26 |    14 ||    71
         Tentacles         |    12 |     9 |    33 |    15 ||    69
         Punch             |     1 |     1 |       |       ||     2
         Falchion          |       |    47 |   163 |    55 ||   265
    Use: Potion            |       |       |       |     1 ||     1
   Stab: Sleeping          |     5 |     8 |    11 |     3 ||    27
         Invisible         |     1 |       |       |       ||     1
         Confused          |       |     2 |     1 |       ||     3
         Distracted        |       |     2 |     1 |       ||     3
 Armour: Skin              |    10 |    11 |    46 |    19 ||    86
  Dodge: Dodged            |    32 |    34 |   140 |    32 ||   238
  Block: Kite shield       |       |       |       |     7 ||     7

Table legend: (Time is in decaauts)
 A = Elapsed time spent in this place.
 B = Non-inter-level travel time spent in this place.
 C = Inter-level travel time spent in this place.
 D = Time resting spent in this place.
 E = Time spent auto-exploring this place.
 F = Levels seen in this place.
 G = Mean time per level.
                   A        B        C        D        E       F      G
               +--------+--------+--------+--------+--------+-----+--------+
         Total |  12769 |  12606 |    163 |   7909 |   3824 |   7 | 1824.1 |
       Dungeon |  12769 |  12606 |    163 |   7909 |   3824 |   7 | 1824.1 |
               +--------+--------+--------+--------+--------+-----+--------+

Top non-repeatable levels by time:
     D:1: 8526 daAuts
     D:5: 1085 daAuts
     D:4: 935 daAuts
     D:6: 702 daAuts
     D:2: 673 daAuts
     D:3: 524 daAuts
     D:7: 321 daAuts
